 Dungeon Crawl Stone Soup version 0.13-a0-1585-g6f4f798 (webtiles) character file.

1607 Kae the Ruinous (level 8, -4/52 HPs)
             Began as a Demonspawn Ice Elementalist on June 12, 2013.
             Slain by a wight
             ... wielding a +0,+0 dwarven great mace
              (11 damage)
             ... on Level 6 of the Dungeon.
             The game lasted 00:18:47 (6619 turns).

Kae the Ruinous (Demonspawn Ice Elementalist)       Turns: 6619, Time: 00:18:48

HP  -4/52        AC  8     Str  9      XL: 8   Next: 26%
MP  13/17        EV 12     Int 19      God:
Gold 350         SH  0     Dex 13      Spells:  4 memorised,  4 levels left

Res.Fire  : + . .   See Invis. : .   r - +4 quarterstaff (chaos)
Res.Cold  : . . .   Warding    : .   a - +0 robe
Life Prot.: . . .   Conserve   : .   (no shield)
Res.Poison: +       Res.Corr.  : .   B - +0 winged helmet
Res.Elec. : .       Clarity    : .   d - +2 cloak {rPois}
Sust.Abil.: + .     Spirit.Shd : .   A - +0 pair of dwarf gauntlets
Res.Mut.  : .       Stasis     : .   (no boots)
Res.Rott. : +       Flight     : .   (no amulet)
Saprovore : + . .                    o - ring of protection from fire
                                     y - ring of sustain abilities

@: about to teleport, slightly resistant to hostile enchantments, quite stealthy
A: foul stench 2, nightstalker 2, saprovore 1, AC +1
a: no special abilities


You were on level 6 of the Dungeon.
You were near starving.

You visited 1 branch of the dungeon, and saw 6 of its levels.

You collected 330 gold pieces.

Inventory:

Hand weapons
 r - a +4,+4 quarterstaff of chaos (weapon)
 K - a -1,+3 orcish dagger (quivered)
Armour
 a - a +0 robe (worn)
 d - a +2 cloak of poison resistance (worn)
 A - a +0 pair of dwarven gauntlets (worn)
 B - a +0 winged helmet (worn)
Magical devices
 n - a wand of fireball (5) {unknown}
 v - a wand of fireball (3) {unknown}
Comestibles
 c - 3 bread rations
 f - a choko
 h - 2 pears
 k - a sausage
 m - 3 meat rations
 s - 2 apples
 J - a rotting chunk of adder flesh
Scrolls
 e - 3 scrolls of teleportation
 p - a scroll of fear
 t - 6 scrolls of identify
 u - 2 scrolls of remove curse
 w - a scroll of acquirement {unknown}
 C - a scroll of enchant weapon II {unknown}
 L - a scroll of amnesia
 N - a scroll of curse jewellery {unknown}
Jewellery
 j - an uncursed amulet of stasis
 o - a ring of protection from fire (right hand)
 y - a ring of sustain abilities (left hand)
 E - an uncursed ring of flight {unknown}
 M - a +2,+2 ring of slaying {unknown}
Potions
 g - a potion of heal wounds {unknown}
 i - 6 potions of curing {unknown}
 l - 2 potions of mutation {unknown}
 q - a potion of poison {unknown}
 x - 2 potions of brilliance {unknown}
 z - 3 potions of agility {unknown}
 G - a potion of paralysis {unknown}
 H - a potion of speed {unknown}
Books
 b - a book of Frost

   Spells                             Type                      Level
   *Freeze                            Ice                          1
   *Throw Frost                       Conjuration/Ice              2
   *Ozocubu's Armour                  Charms/Ice                   3
   *Throw Icicle                      Conjuration/Ice              4
   Summon Ice Beast                   Ice/Summoning                4
   Condensation Shield                Ice                          4
 D - a book of Control

   Spells                             Type                      Level
   Control Teleport                   Charms/Translocation         4
   Control Undead                     Necromancy                   4
   Enslavement                        Hexes                        4
   Mass Confusion                     Hexes                        6
   Metabolic Englaciation             Hexes/Ice                    6


   Skills:
 - Level 1.8 Dodging
 - Level 1.8 Stealth
 + Level 3.9 Spellcasting
 * Level 6.4 Conjurations
 * Level 6.4 Ice Magic


You had 4 spell levels left.
You knew the following spells:

 Your Spells              Type           Power        Failure   Level  Hunger
a - Freeze                Ice            ####         1%          1    None
b - Throw Frost           Conj/Ice       ####..       1%          2    ##.....
c - Ozocubu's Armour      Chrm/Ice       ###.......   12%         3    ###....
d - Throw Icicle          Conj/Ice       ####....     12%         4    ####...


Dungeon Overview and Level Annotations

Branches:
Dungeon (6/27)
 Temple: D:4-7          Orc: D:6-11

Altars:
Elyvilon
Trog
Zin
the Shining One

Annotations
D:2 exclusions: downstairs, 3 gnolls and upstairs
D:3 exclusions: 2 doors and 2 more exclusions, Grinder
D:6 exclusions: door and wight


Innate Abilities, Weirdness & Mutations

You are partially covered in molten scales (AC +1).
You radiate miasma, and are resistant to rotting and decay.
You are significantly more attuned to the shadows.
You can tolerate rotten meat.


Message History

The wight barely misses you.
Casting: Throw Icicle
Confirm with . or Enter, or press ? or * to list all spells.
Aiming: Throw Icicle
Press: ? - help, Shift-Dir - straight line, f - wight
Aim: a wight, wielding a dwarven great mace and wearing an orcish ring mail (severely damaged, moving very quickly)
The shard of ice misses the wight.
You are near starving!
The wight completely misses you.
The wight hits you with a dwarven great mace!
* * * LOW HITPOINT WARNING * * *
You feel drained.
* * * LOW HITPOINT WARNING * * *
You emit a cloud of foul miasma!
There is an open door here.
Read which item? (? for menu, Esc to quit)
As you read the scroll of teleportation, it crumbles to dust.
You feel strangely unstable.
The wight hits you with a dwarven great mace!
You die...

....+ #...........#.#......'..
....# #...........#.#...>..###
....# #...........'.#......#
##### #...........#######'## ..#
######'###### #.## #'#### #.##
#..# .....# #..# ##.# .....# ##.#
#.# .....### ####@##### ####.###
.z..z'.## #..zz....# #.......
.....#..## #...§....#####.......
.....##z.####z..)....'..##.......
.....###...##........##..........
.....# ###.§'........#####.......
###### ####........# #.......
########## ########


You could see 3 wights.

Vanquished Creatures
  The ghost of TZer0 the Firebug, an average LOFE (D:4)
  An ogre (D:2)
  An orc warrior (D:6)
  An ice beast (D:6)
  A centaur (D:6)
  Sigmund (D:3)
  5 hounds
  2 orc priests
  Crazy Yiuf (D:3)
  A hound skeleton (D:4)
  5 crimson imps
  A scorpion (D:6)
  An iguana (D:5)
  2 orc wizards
  2 worker ants
  Ijyb (D:2)
  A jelly (D:5)
  Terence (D:2)
  10 adders
  3 inept feature mimics
  3 worms
  3 giant mites
  A bat skeleton (D:5)
  2 bat zombies (D:5)
  A giant eyeball (D:5)
  An ooze (D:1)
  11 orcs
  2 ball pythons
  12 bats
  13 hobgoblins
  4 quokkas
  10 giant cockroaches
  A giant gecko zombie (D:5)
  10 giant newts
  9 goblins
  16 jackals
  9 kobolds
  A kobold skeleton (D:4)
  4 rats
155 creatures vanquished.

Vanquished Creatures (collateral kills)
  A worm (D:4)
1 creature vanquished.

Vanquished Creatures (others)
  A worker ant (D:4)
  A goblin (D:1)
2 creatures vanquished.

Grand Total: 158 creatures vanquished

Notes
Turn   | Place    | Note
--------------------------------------------------------------
     0 | D:1      | Kae, the Demonspawn Ice Elementalist, began the quest for the Orb.
     0 | D:1      | Reached XP level 1. HP: 13/13 MP: 3/3
     1 | D:1      | Noticed a giant goldfish
   120 | D:1      | Reached skill level 3 in Ice Magic
   246 | D:1      | Gained mutation: You are partially covered in molten scales (AC +1). [demonic ancestry]
   246 | D:1      | Reached XP level 2. HP: 13/19 MP: 4/4
   250 | D:1      | Learned a level 2 spell: Throw Frost
   899 | D:1      | Gained mutation: You can tolerate rotten meat. [demonic ancestry]
   899 | D:1      | Reached XP level 3. HP: 18/24 MP: 5/5
   931 | D:2      | Noticed Ijyb
  1361 | D:2      | Gained mutation: You are slightly more attuned to the shadows. [demonic ancestry]
  1361 | D:2      | Reached XP level 4. HP: 30/30 MP: 0/7
  1664 | D:2      | Noticed an ogre
  1694 | D:2      | Killed an ogre
  1694 | D:2      | Reached skill level 4 in Ice Magic
  1694 | D:2      | Gained mutation: You emit a foul stench, and are resistant to rotting and decay. [demonic ancestry]
  1694 | D:2      | Reached XP level 5. HP: 21/35 MP: 1/9
  2069 | D:2      | Killed Ijyb
  2185 | D:3      | Noticed Sigmund
  2199 | D:3      | Noticed Grinder
  2199 | D:3      | Noticed Terence
  2215 | D:2      | Killed Terence
  2770 | D:3      | Noticed Crazy Yiuf
  2782 | D:3      | Killed Crazy Yiuf
  2782 | D:3      | Reached XP level 6. HP: 18/41 MP: 1/11
  2953 | D:3      | Killed Sigmund
  3298 | D:4      | Found a staircase to the Ecumenical Temple.
  3361 | D:4      | the staircase to the Ecumenical Temple was a mimic.
  3383 | D:4      | Found a glowing golden altar of the Shining One.
  3391 | D:4      | Found a white marble altar of Elyvilon.
  3408 | D:4      | Found a glowing silver altar of Zin.
  3532 | D:4      | Reached skill level 5 in Ice Magic
  3698 | D:4      | Gained mutation: You radiate miasma, and are resistant to rotting and decay. [demonic ancestry]
  3698 | D:4      | Reached XP level 7. HP: 43/46 MP: 11/13
  3781 | D:4      | Noticed TZer0's ghost (average LOFE)
  3789 | D:4      | Killed TZer0's ghost
  3789 | D:4      | Reached skill level 5 in Conjurations
  4407 | D:5      | Entered Level 5 of the Dungeon
  4714 | D:5      | Learned a level 3 spell: Ozocubu's Armour
  4719 | D:5      | Learned a level 4 spell: Throw Icicle
  5212 | D:5      | Gained mutation: You are significantly more attuned to the shadows. [demonic ancestry]
  5212 | D:5      | Reached XP level 8. HP: 42/52 MP: 6/17
  5613 | D:6      | Reached skill level 6 in Ice Magic
  6351 | D:6      | Found a bloodstained altar of Trog.
  6619 | D:6      | Slain by a wight

Action                   |  1- 3 |  4- 6 |  7- 9 || total
-------------------------+-------+-------+-------++-------
Melee: Unarmed           |    57 |    73 |       ||   130
       Quarterstaff      |       |    46 |    77 ||   123
 Cast: Freeze            |    66 |   107 |   105 ||   278
       Throw Frost       |       |       |     7 ||     7
       Throw Icicle      |       |       |     4 ||     4
  Use: Scroll            |     4 |     8 |     2 ||    14
 Stab: Sleeping          |     1 |     5 |     2 ||     8
       Paralysed         |       |       |     1 ||     1
       Petrifying        |       |       |     1 ||     1
